 Dungeon Crawl Stone Soup version 0.21.1-1-g345015f (webtiles) character file.

56 inc the Sneak (level 3, 16/16 HPs)
             Began as a Felid Ice Elementalist on June 16, 2018.
             Quit the game on level 3 of the Dungeon.
             The game lasted 00:06:08 (3418 turns).

inc the Sneak (Felid Ice Elementalist)              Turns: 3418, Time: 00:06:08

Health: 16/16      AC:  1    Str:  4    XL:     3   Next: 71%
Magic:  8/8        EV: 18    Int: 16    God:
Gold:   55         SH:  0    Dex: 17    Spells: 4/8 levels left
                                        Lives:  0   Deaths: 1

rFire    . . .     SeeInvis +   (weapon unavailable)
rCold    . . .     Gourm    .   (shield unavailable)
rNeg     . . .     Faith    .   (armour unavailable)
rPois    .         Spirit   .   (helmet unavailable)
rElec    .         Reflect  .   (cloak unavailable)
rCorr    .         Harm     .   (gloves unavailable)
MR       .....                  (boots unavailable)
Stlth    +++.......             (no amulet)
HPRegen  0.05/turn              (no ring)
MPRegen  0.11/turn              (no ring)

@: quick
A: very small, no armour, no weapons or thrown items, stealth, claws 1, fangs 3,
see invisible, carnivore, speed 1, shaggy fur 1, slow metabolism 1, sharp paws
a: no special abilities


You were on level 3 of the Dungeon.
You were not hungry.

You visited 1 branch of the dungeon, and saw 3 of its levels.

You collected 55 gold pieces.

Inventory:

Scrolls
 c - 2 scrolls of teleportation {unknown}
 e - 2 scrolls of noise {unknown}
 g - a scroll of enchant armour {unknown}
 i - a scroll of identify {unknown}
 j - a scroll of magic mapping {unknown}
Potions
 d - 4 potions of heal wounds {unknown}
 f - a potion of mutation {unknown}
 h - a potion of magic {unknown}
Books
 a - a book of Frost

   Spells                             Type                      Level
   a - Freeze                         Ice                          1
   b - Throw Frost                    Conjuration/Ice              2
   c - Ozocubu's Armour               Charms/Ice                   3
   d - Throw Icicle                   Conjuration/Ice              4
   e - Summon Ice Beast               Ice/Summoning                4
Comestibles
 b - 4 rations


   Skills:
 - Level 2.0 Fighting
 - Level 2.6 Dodging
 - Level 4.7 Stealth
 + Level 3.1 Spellcasting
   Level 0.8 Conjurations
 - Level 2.8 Ice Magic


You had 4 spell levels left.
You knew the following spells:

 Your Spells              Type           Power        Failure   Level  Hunger
a - Freeze                Ice            ##..         6%          1    None
b - Ozocubu's Armour      Chrm/Ice       #.......     30%         3    ###....


Dungeon Overview and Level Annotations

Branches:
Dungeon (3/15)

Altars:

Annotations:
D:2 Terence


Innate Abilities, Weirdness & Mutations

You cannot wear armour.
You are incapable of wielding weapons or throwing items.
Your paws allow you to move quietly. (Stealth)
You have sharp claws.
You have razor-sharp teeth.
You have supernaturally acute eyesight. (SInv)
You are carnivorous and can eat meat at any time.
You cover ground quickly.
You are covered in fur. (AC +1)
You have a slow metabolism.
Your sharp claws are effective at attacking unaware monsters.


Message History

Confirm with . or Enter, or press ? or * to list all spells.
Aiming: Freeze
Press: ? - help, Shift-Dir - straight line, f/p - orc wizard
Aim: an orc wizard, wielding a dagger and wearing a robe (severely wounded, slightly transparent)
You freeze the orc wizard.
You kill the orc wizard!
Your Spellcasting skill increases to level 3!
Casting: Freeze
Confirm with . or Enter, or press ? or * to list all spells.
You don't have enough magic to cast that spell.
Unknown command.
Okay, then.
The orc wizard points at you and mumbles some strange words.
The magic dart hits you!
You die...
You are now level 3!
You rejoin the land of the living...
Found a ration.
A frilled lizard comes into view.
Are you sure you want to abandon this character and quit the game? (Confirm with "yes".)

#######
#.....###
#.....l..
#........
#@.......
#####%...
.


You could see a frilled lizard (sleeping).

Vanquished Creatures
  An orc wizard (D:3)
  Robin (D:2)
  An adder (D:2)
  A worm (D:2)
  3 dart slugs (D:2)
  A leopard gecko (D:2)
  2 orcs (D:3)
  A ball python (D:2)
  8 bats
  A giant cockroach (D:2)
  10 goblins (D:2)
  10 hobgoblins
  3 jackals (D:2)
  2 frilled lizards (D:1)
  6 kobolds
  7 rats
58 creatures vanquished.

Notes
Turn   | Place    | Note
-------+----------+-------------------------------------------
     0 | D:1      | inc the Felid Ice Elementalist began the quest for the Orb.
     0 | D:1      | Reached XP level 1. HP: 7/7 MP: 4/4
   184 | D:1      | Reached skill level 1 in Fighting
   356 | D:1      | Reached XP level 2. HP: 12/12 MP: 4/6
   923 | D:1      | Reached skill level 3 in Stealth
   966 | D:2      | Noticed Robin
  1401 | D:2      | Reached XP level 3. HP: 16/16 MP: 5/7
  1431 | D:2      | Reached skill level 4 in Stealth
  1976 | D:2      | Learned a level 3 spell: Ozocubu's Armour
  2581 | D:2      | Reached XP level 4. HP: 15/19 MP: 2/8
  2710 | D:2      | Noticed Terence
  2789 | D:2      | Killed Robin
  3417 | D:3      | Killed from afar by an orc wizard
  3418 | D:3      | Reached XP level 3. HP: -1/16 MP: 1/8
  3418 | D:3      | Quit the game

Skill      XL: |  1  2  3  4 |
---------------+-------------+-----
Fighting       | 1 2 |  2.0
Stealth        | 3 4 |  4.7
Spellcasting   | 3 |  3.1
Dodging        | |  2.6
Conjurations   | |  0.8
Ice Magic      | |  2.8

Action                   |  1- 3 |  4- 6 || total
-------------------------+-------+-------++-------
Melee: Unarmed           |    44 |    40 ||    84
       Bite              |     7 |     1 ||     8
 Cast: Freeze            |    75 |    22 ||    97
       Ozocubu's Armour  |     2 |     2 ||     4
 Stab: Sleeping          |     4 |     1 ||     5
  Eat: Chunk             |     3 |     4 ||     7
Armor: Skin              |     7 |     4 ||    11
Dodge: Dodged            |    79 |    36 ||   115
